 Dungeon Crawl Stone Soup version 0.27-a0-1188-g73eefd5def (webtiles) character file.

Game seed: 13029141256589038980

32627 bjtr the Blocker (level 13, -3/80 HPs)
             Began as a Gargoyle Conjurer on May 22, 2021.
             Was a Priest of Vehumet.
             Slain by a white ugly thing (24 damage)
             ... on level 14 of the Dungeon.
             The game lasted 02:08:32 (18661 turns).

bjtr the Blocker (Gargoyle Conjurer)               Turns: 18661, Time: 02:08:33

Health: -3/80      AC: 31    Str: 10    XL:     13   Next: 65%
Magic:  24/24      EV: 15    Int: 22    God:    Vehumet [***...]
Gold:   1649       SH: 15    Dex:  8    Spells: 1/27 levels left

rFire    . . .     SeeInvis .   a - +5 broad axe (flame)
rCold    . . .     Faith    .   A - +0 kite shield {AC+3}
rNeg     + + +     Spirit   .   f - +3 acid dragon scales
rPois    ∞         Reflect  +   p - +1 helmet
rElec    +         Harm     .   D - +0 cloak
rCorr    +         Rampage  .   J - +1 pair of gloves of the Arcane {rN+++ Regen+ rCorr Int-3}
Will     .....                  e - +1 pair of boots
Stlth    +++.......             l - amulet of reflection
HPRegen  1.23/turn              k - +4 ring of evasion
MPRegen  0.19/turn              w - ring of wizardry

@: no status effects
A: sickness immunity, AC +9, negative energy resistance 1, electricity
resistance, torment resistance 1, petrification resistance
a: Renounce Religion


You were on level 14 of the Dungeon.
You worshipped Vehumet.
Vehumet was most pleased with you.
You visited 2 branches of the dungeon, and saw 15 of its levels.
You visited the Abyss 2 times.

You collected 2031 gold pieces.
You spent 382 gold pieces at shops.

Inventory:

Hand Weapons
 a - a +5 broad axe of flaming (weapon)
 b - a +0 fustibalus of freezing
 q - the +6 Majin-Bo {vamp, MP+6 Int+6}
   (You found it on level 14 of the Dungeon)

   It inflicts no extra harm, but heals its wielder when it wounds a living foe.
   It affects your intelligence (+6).
   It affects your magic capacity (+6).
 t - a +1 scimitar of flaming
 z - a +1 vorpal flail
 C - a +0 hand crossbow
 F - a +1 mace of draining
 I - a +2 quarterstaff of holy wrath
 L - the +4 lajatang of Ethubaixe {elec, Contam Will+ Str+6 Int+4}
   (You found it on level 2 of the Abyss)

   Occasionally, upon striking a foe, it can discharge electrical energy and
   cause terrible harm.
   It affects your strength (+6).
   It affects your intelligence (+4).
   It causes magical contamination when unequipped.
   It increases your willpower.
 M - a +4 scimitar of flaming
Missiles
 h - 2 silver boomerangs
 o - 140 sling bullets
 s - 14 javelins
Armour
 c - a +0 buckler
 e - a +1 pair of boots (worn)
 f - +3 acid dragon scales (worn)
 g - a +2 pair of gloves
 p - a +1 helmet (worn)
 A - a +0 kite shield of protection (worn)
 D - a +0 cloak (worn)
 G - a scarf of invisibility
 J - the +1 pair of gloves of the Arcane (worn) {rN+++ Regen+ rCorr Int-3}
   (You found it on level 13 of the Dungeon)

   It affects your intelligence (-3).
   It renders you almost immune to negative energy.
   It increases your rate of health regeneration.
   It protects you from acid and corrosion.
Jewellery
 i - a ring of protection from fire
 k - a +4 ring of evasion (left hand)
 l - an amulet of reflection (around neck)
 w - a ring of wizardry (right hand)
Wands
 d - a wand of flame (27)
Scrolls
 n - 5 scrolls of identify
 x - 2 scrolls of magic mapping
 y - a scroll of brand weapon
 N - 2 scrolls of enchant weapon
Potions
 m - a potion of berserk rage
 r - a potion of cancellation
 u - 3 potions of curing
 v - 2 potions of attraction
 H - a potion of might


   Skills:
 * Level 9.3 Fighting
 + Level 10.0 Axes
 - Level 0.8 Slings
 * Level 6.7 Armour
 + Level 6.8 Dodging
 + Level 6.4 Stealth
 + Level 10.5 Shields
 + Level 7.5 Spellcasting
 * Level 9.1 Conjurations
 + Level 1.2 Hexes
 + Level 1.1 Translocations
 + Level 1.1 Air Magic
 + Level 1.3 Poison Magic
 + Level 0.3 Evocations


You had one spell level left.
You knew the following spells:

 Your Spells              Type           Power      Damage    Failure   Level
a - Magic Dart            Conj           100%       1d8       1%          1
b - Searing Ray           Conj           96%        3d7       1%          2
c - Dazzling Flash        Conj/Hex       60%        N/A       1%          3
d - Iskenderun's Mystic   Conj/Tloc      30%        2d8       3%          4
e - Fulminant Prism       Conj/Hex       15%        3d11      3%          4
f - Mephitic Cloud        Conj/Pois/Air  25%        N/A       1%          3
g - Blink                 Tloc           N/A        N/A       9%          2
h - Orb of Destruction    Conj           24%        9d10      36%         7

Your spell library contained the following spells:

 Spells                   Type           Power      Damage    Failure   Level
 Frozen Ramparts          Ice            16%        1d3       8%          3
 Freeze                   Ice            32%        1d5       2%          1
 Sandblast                Erth           16%        2d6       2%          1
 Apportation              Tloc           26%        N/A       5%          1
 Conjure Flame            Conj/Fire      28%        6-21      1%          3
 Stone Arrow              Conj/Erth      56%        3d10      1%          3
 Iskenderun's Battlesphe  Conj           48%        2d10      1%          5
 Hailstorm                Conj/Ice       28%        3d8       4%          4
 Slow                     Hex            13%        N/A       8%          2
 Call Imp                 Summ           8%         N/A       13%         2
 Passwall                 Tmut/Erth      6%         N/A       13%         2
 Confusing Touch          Hex            13%        N/A       16%         3
 Gell's Gravitas          Tloc           6%         N/A       16%         3
 Lesser Beckoning         Tloc           6%         N/A       16%         3
 Tukima's Dance           Hex            13%        N/A       16%         3
 Bolt of Magma            Conj/Fire/Erth 10%        4d7       17%         5
 Ozocubu's Armour         Ice            8%         N/A       26%         3
 Yara's Violent Unravell  Hex/Tmut       5%         3d4       41%         5
 Iron Shot                Conj/Erth      14%        9d4       41%         6
 Lee's Rapid Deconstruct  Erth           4%         3d6*      47%         5
 Petrify                  Tmut/Erth      8%         N/A       61%         4
 Alistair's Intoxication  Tmut/Pois      7%         N/A       85%         5
 Metabolic Englaciation   Hex/Ice        5%         N/A       86%         5
 Spellforged Servitor     Conj/Summ      14%        N/A       89%         7
 Invisibility             Hex            13%        N/A       99%         6


Dungeon Overview and Level Annotations

Branches:
Dungeon (14/15)            Temple (1/1) D:7            Lair (0/6) D:10
    Orc (0/2) D:12         Vaults (0/5) D:13

Altars:
Ashenzari
Cheibriados
Dithmenos
Elyvilon
Fedhas
Gozag
Hepliaklqana
Makhleb
Nemelex Xobeh
Okawaru
Qazlal
Ru
Sif Muna
Trog
Uskayaw
Vehumet
Xom
Yredelemnul
Zin
Lugonu

Shops:
D:7 (   D:11 !

Portals:
Abyss: D:4

Annotations:
D:9 Drazool's ghost, journeyman TrHu


Innate Abilities, Weirdness & Mutations

You are immune to sickness and miasma.
Your stone body is resilient. (AC +9)
You are immune to poison.
You resist negative energy. (rN+)
You are resistant to electric shocks. (rElec)
You are resistant to unholy torment.
You are immune to petrification.


Message History

The white ugly thing basks in the mutagenic energy from its kin and changes!
The three-headed hydra misses you.
The three-headed hydra bites you but does no damage.
The three-headed hydra bites you.
You hit the three-headed hydra. You burn the three-headed hydra.
The three-headed hydra is heavily wounded.
You hit the white ugly thing. You burn the white ugly thing.
The three-headed hydra barely misses you.
You block the three-headed hydra's attack.
The three-headed hydra bites you but does no damage.
The white ugly thing headbutts you but does no damage.
You chop one of the three-headed hydra's heads off!
The flame cauterises the wound!
You hit the two-headed hydra. You burn the two-headed hydra.
The two-headed hydra is severely wounded.
You slash the white ugly thing! You burn the white ugly thing.
You hit the white ugly thing. You burn the white ugly thing.
The white ugly thing trunk-slaps you but does no damage.
The two-headed hydra bites you! The two-headed hydra barely misses you.
You block the white ugly thing's attack.
The white ugly thing trunk-slaps you! The white ugly thing freezes you!!
You hack one of the two-headed hydra's heads off!
The flame cauterises the wound!
You slash the one-headed hydra! You burn the one-headed hydra.
The one-headed hydra is almost dead.
You hit the white ugly thing. You burn the white ugly thing.
You hit the white ugly thing but do no damage.
You block the one-headed hydra's attack.
You block the white ugly thing's attack.
The white ugly thing trunk-slaps you. The white ugly thing freezes you!!
* * * LOW HITPOINT WARNING * * *
The deep elf pyromancer casts a spell.
The deep elf pyromancer blinks!
Unknown command.
You feel much better.
You block the one-headed hydra's attack.
The white ugly thing headbutts you.
* * * LOW HITPOINT WARNING * * *
The white ugly thing freezes you!!
You die...

.................##..#
.................##..##
............(....#....#
..............#e.#....#
...........#..........
...........#.......#.
.................###
.................###
....#..(..@u.##
....###.#uDu....#####
... ####.......<..# #.
#..u........#
#..............#
#^.........##.##
......##..## #
......##..# .... #.##


You could see an one-headed hydra, 4 ugly things and a deep elf pyromancer.

Vanquished Creatures
  A tentacled starspawn (Abyss:2)
  A hydra (D:14)
  2 vault guards (D:13)
  2 centaur warriors (D:13)
  A boulder beetle (D:13)
  Erica (D:10)
  A thrashing horror (Abyss:2)
  4 two-headed ogres
  3 tengu warriors
  Nergalle (D:12)
  A storm dragon skeleton (Abyss:2)
  A sixfirhy (Abyss:2)
  Pikel (D:6)
  A wizard (D:13)
  A necromancer (D:13)
  An ugly thing (D:12)
  2 manticores (D:13)
  3 cyclopes
  The ghost of HendSelp the Quickloader, a novice KoHu (D:6)
  2 gargoyles
  A yaktaur (D:13)
  4 efreet
  An ice devil (Abyss:2)
  Maggie (D:7)
  7 kobold demonologists
  A tengu conjurer (D:14)
  A hellwing (D:13)
  2 hornets
  3 trolls
  Prince Ribbit (D:5)
  2 large abominations (Abyss:2)
  A ynoxinul (Abyss:2)
  2 wyverns
  A vampire (D:12)
  8 vampire mosquitoes
  A wraith (D:11)
  20 humans (D:13)
  2 steam dragons
  A water moccasin (D:8)
  An acid dragon (D:11)
  7 orc warriors
  2 ice beasts
  4 sky beasts
  An ogre (D:5)
  7 centaurs
  3 lemures (D:6)
  A phantom (D:5)
  3 kobold brigands
  3 small abominations (Abyss:2)
  3 bullfrogs
  2 scorpions (D:5)
  2 vampire bats (D:4)
  3 centaur zombies
  7 orc priests
  A bullfrog zombie (D:6)
  4 hounds
  3 jellies
  A gnoll shaman (D:8)
  A centaur skeleton (D:4)
  An iron imp (Abyss:2)
  A scorpion zombie (D:5)
  2 iguanas
  10 orc wizards
  2 killer bee zombies
  A hound skeleton (D:4)
  8 gnolls
  6 adders
  A shadow imp (D:8)
  2 white imps (D:8)
  2 ufetubi
  2 adder skeletons
  37 orcs
  13 endoplasms
  3 giant cockroaches
  5 goblins
  6 hobgoblins
  3 jackals (D:4)
  11 kobolds
  5 quokkas
  6 ball pythons
  13 bats
  3 frilled lizards (D:1)
  4 rats
  A fulminant prism (D:12)
298 creatures vanquished.

Vanquished Creatures (collateral kills)
  A hell hog (Abyss:2)
  A raiju (Abyss:2)
  3 starcursed masses (Abyss:2)
5 creatures vanquished.

Vanquished Creatures (others)
  10 fulminant prisms
  5 fungi (D:5)
  A plant (D:8)
  5 starspawn tentacles (Abyss:2)
  4 toadstools (D:5)
25 creatures vanquished.

Grand Total: 328 creatures vanquished

Notes
Turn   | Place    | Note
-------+----------+-------------------------------------------
     0 | D:1      | bjtr the Gargoyle Conjurer began the quest for the Orb.
     0 | D:1      | Reached XP level 1. HP: 10/10 MP: 3/3
   191 | D:1      | Reached XP level 2. HP: 11/15 MP: 0/5
   265 | D:1      | Learned a level 2 spell: Searing Ray
   532 | D:1      | Reached skill level 5 in Conjurations
   988 | D:1      | Found a faded altar of an unknown god.
  1055 | D:1      | Reached XP level 3. HP: 20/20 MP: 2/6
  2423 | D:3      | Reached skill level 1 in Fighting
  2674 | D:3      | Reached XP level 4. HP: 25/25 MP: 3/7
  3492 | D:4      | Reached XP level 5. HP: 24/29 MP: 4/8
  3819 | D:4      | Found a large runed translucent door.
  3819 | D:4      | Found a large runed translucent door.
  3822 | D:4      | Found a corrupted altar of Lugonu.
  3911 | D:4      | Reached skill level 1 in Shields
  3911 | D:4      | Reached XP level 6. HP: 33/36 MP: 4/9
  4260 | D:4      | Found a one-way gate to the infinite horrors of the Abyss.
  4689 | D:5      | Entered Level 5 of the Dungeon
  4796 | D:5      | Noticed a sky beast
  4818 | D:5      | Killed a sky beast
  4883 | D:5      | Reached XP level 7. HP: 29/41 MP: 5/11
  5402 | D:5      | Noticed Prince Ribbit
  5565 | D:5      | Learned a level 3 spell: Dazzling Flash
  5580 | D:5      | Killed Prince Ribbit
  5581 | D:5      | Reached XP level 8. HP: 36/48 MP: 3/12
  6019 | D:5      | Found a sacrificial altar of Ru.
  6084 | D:5      | Found a bloodstained altar of Trog.
  6322 | D:6      | Identified the +3 ring mail of Sad Daaj {rC+ Str+6 Dex-5}
  6380 | D:6      | Noticed Pikel
  6392 | D:6      | Killed Pikel
  6393 | D:6      | Reached skill level 5 in Fighting
  6551 | D:6      | Found a large runed translucent door.
  6552 | D:6      | Found a large runed translucent door.
  6552 | D:6      | Noticed HendSelp's ghost (novice KoHu)
  6596 | D:6      | Reached skill level 5 in Stealth
  6596 | D:6      | Reached XP level 9. HP: 47/55 MP: 14/14
  6786 | D:6      | Found a glowing silver altar of Zin.
  6786 | D:6      | Found an opulent altar of Gozag.
  7212 | D:6      | Found a shimmering altar of Xom.
  7508 | D:7      | Noticed Maggie
  7517 | D:7      | HP: 1/56 [Maggie/+3 broad axe of flaming (2)]
  7539 | D:7      | Killed Maggie
  7540 | D:7      | Reached skill level 1 in Armour
  7540 | D:7      | Reached skill level 5 in Dodging
  7731 | D:7      | Reached skill level 1 in Axes
  7847 | D:7      | Noticed a kobold demonologist
  7854 | D:7      | Noticed a kobold demonologist
  7862 | D:7      | Noticed a sun demon
  7867 | D:7      | Found a broken altar of Ashenzari.
  7936 | D:7      | Found Hiorr's Weapon Emporium.
  7948 | D:7      | Bought 2 silver boomerangs for 42 gold pieces
  7957 | D:7      | Noticed an ice devil
  7990 | D:8      | Learned a level 4 spell: Iskenderun's Mystic Blast
  7995 | D:8      | Learned a level 4 spell: Fulminant Prism
  8364 | D:8      | Found an iron altar of Okawaru.
  8464 | D:8      | Reached skill level 5 in Shields
  8700 | D:8      | Reached XP level 10. HP: 50/61 MP: 8/16
  8898 | D:8      | Found a blossoming altar of Fedhas.
  9343 | D:7      | Killed a kobold demonologist
  9396 | D:7      | Reached skill level 5 in Axes
  9503 | D:7      | Killed a kobold demonologist
  9768 | D:7      | Found a staircase to the Ecumenical Temple.
  9779 | Temple   | Entered the Ecumenical Temple
  9786 | Temple   | Became a worshipper of Vehumet
  9849 | D:7      | Found a shimmering blue altar of Sif Muna.
  9894 | D:7      | Identified Sif Muna's Compendium of the Traveller
 10016 | D:9      | Noticed a kobold demonologist
 10016 | D:9      | Noticed a kobold demonologist
 10017 | D:9      | Noticed a kobold demonologist
 10018 | D:9      | Noticed a kobold demonologist
 10018 | D:9      | Noticed a kobold demonologist
 10026 | D:9      | Killed a kobold demonologist
 10029 | D:9      | Killed a kobold demonologist
 10029 | D:9      | Killed a kobold demonologist
 10031 | D:9      | Noticed a rust devil
 10041 | D:9      | Killed a kobold demonologist
 10041 | D:9      | Killed a kobold demonologist
 10248 | D:9      | Learned a level 3 spell: Mephitic Cloud
 10300 | D:9      | Noticed a cyclops
 10315 | D:9      | Killed a cyclops
 10316 | D:9      | Reached skill level 5 in Spellcasting
 10435 | D:9      | Reached XP level 11. HP: 56/66 MP: 18/18
 10740 | D:10     | Entered Level 10 of the Dungeon
 10741 | D:10     | Noticed a two-headed ogre
 11159 | D:10     | Found a staircase to the Lair.
 11200 | D:10     | Reached * piety under Vehumet
 11200 | D:10     | Offered knowledge of Freeze by Vehumet.
 11321 | D:10     | Found a runed translucent door.
 11322 | D:10     | Noticed Drazool's ghost (journeyman TrHu)
 11897 | D:11     | Noticed a tengu warrior
 11898 | D:11     | Noticed a tengu warrior
 12181 | D:10     | Killed a two-headed ogre
 12283 | D:10     | Found a sparkling altar of Nemelex Xobeh.
 13168 | D:6      | Killed HendSelp's ghost
 13422 | D:11     | Found Letytuynn's Distillery.
 13425 | D:11     | Bought a potion of haste for 170 gold pieces
 13425 | D:11     | Bought a potion of heal wounds for 85 gold pieces
 13425 | D:11     | Bought a potion of heal wounds for 85 gold pieces
 13428 | D:11     | Noticed a two-headed ogre
 13437 | D:11     | Noticed Erica
 13460 | D:10     | Killed a two-headed ogre
 13477 | D:10     | Killed Erica
 14239 | D:11     | Killed a tengu warrior
 14258 | D:11     | Killed a tengu warrior
 14562 | D:11     | Noticed a two-headed ogre
 14571 | D:11     | Killed a two-headed ogre
 14572 | D:11     | Reached skill level 1 in Air Magic
 14572 | D:11     | Reached skill level 1 in Poison Magic
 14572 | D:11     | Reached XP level 12. HP: 72/72 MP: 6/20
 14575 | D:11     | Learned a level 2 spell: Blink
 15551 | D:12     | Noticed Nergalle
 15574 | D:12     | Killed Nergalle
 15842 | D:12     | Found a staircase to the Orcish Mines.
 15992 | D:13     | Noticed a two-headed ogre
 15998 | D:13     | Noticed a centaur warrior
 16012 | D:13     | Killed a centaur warrior
 16218 | D:13     | Killed a two-headed ogre
 16219 | D:13     | Reached skill level 5 in Armour
 16777 | D:13     | Noticed a centaur warrior
 16785 | D:13     | Killed a centaur warrior
 16861 | D:13     | Identified a scroll of acquirement
 16861 | D:13     | Acquired 946 gold pieces
 17094 | D:13     | Identified the +1 pair of gloves of the Arcane {rN+++
                  | Regen+ rCorr Int-3}
 17124 | D:13     | Cast into level 2 of the Abyss (a wizard)
 17146 | Abyss:2  | Identified the +4 lajatang of Ethubaixe {elec, Contam Will+
                  | Str+6 Int+4}
 17207 | Abyss:2  | Noticed a bone dragon
 17278 | Abyss:2  | Reached ** piety under Vehumet
 17278 | Abyss:2  | Offered knowledge of Shock by Vehumet.
 17320 | Abyss:2  | Noticed a thrashing horror
 17350 | Abyss:2  | Noticed a thrashing horror
 17350 | Abyss:2  | Noticed a thrashing horror
 17350 | Abyss:2  | Noticed a wretched star
 17354 | Abyss:2  | Noticed a tentacled starspawn
 17408 | Abyss:2  | Reached XP level 13. HP: 69/79 MP: 16/23
 17464 | Abyss:2  | Noticed a starcursed mass
 17481 | Abyss:2  | Noticed a starcursed mass
 17525 | Abyss:2  | Noticed a tentacled starspawn
 17558 | Abyss:2  | Killed a tentacled starspawn
 17562 | D:13     | Escaped the Abyss
 17595 | D:13     | Reached skill level 10 in Shields
 17602 | D:13     | Reached skill level 1 in Translocations
 17608 | D:13     | Cast into level 2 of the Abyss (a wizard)
 17675 | D:13     | Escaped the Abyss
 17714 | D:13     | Reached skill level 1 in Hexes
 17816 | D:13     | Noticed a vault guard
 17875 | D:13     | Offered knowledge of Frozen Ramparts by Vehumet.
 17914 | D:13     | Noticed a vault guard
 17931 | D:13     | Killed a vault guard
 17943 | D:13     | Killed a vault guard
 18147 | D:13     | Found a gate to the Vaults.
 18417 | D:13     | Reached *** piety under Vehumet
 18437 | D:13     | Reached skill level 10 in Axes
 18446 | D:13     | Learned a level 7 spell: Orb of Destruction
 18601 | D:14     | Found the +6 Majin-Bo {vamp, MP+6 Int+6}
 18660 | D:14     | HP: 1/80 [white ugly thing (25)]
 18661 | D:14     | Slain by a white ugly thing

Illustrated notes

Levels and vault maps discovered:
D:1:      dpeg_arrival_round_c, layout_loops_ring,
          shapermc_ecumenical_altar_flowoftime
D:2:      layout_loops_ring
D:3:      layout_loops_ring
D:4:      due_chaos_kobolds, layout_basic, roderic_batcave, st_stairs_8
D:5:      layout_loops_cross, general_overflow_altar, nicolae_ru_path_of_blood,
          minmay_gold_behind_fungi, uniq_prince_ribbit1
D:6:      layout_loops_ring, grunt_temple_overflow_gold_and_silver, tgw_xom,
          ebering_ghost_disaster_area, uniq_pikel
D:7:      layout_basic, overflow_temple_1_default, led_sif_book,
          minmay_temple_entry_statues_fountains, serial_shops, shop, uniq_maggie
D:8:      layout_loops_ring, kennysheep_okawaru_gauntlet, fedhas_altar_1,
          special_room [special_room_orc]
D:9:      layout_basic
D:10:     layout_roguey, old_standard_altar, lair_entry_dummy,
          gammafunk_ghost_grave, hangedman_abyss_or_decor_lesser_grid
D:11:     layout_basic, serial_shops, nicolae_shop_behind_doors, uniq_erica
D:12:     layout_cave_pools, kennysheep_flooded_box, uniq_nergalle
D:13:     layout_stronghold, grunt_vaults_entry_tiered
D:14:     layout_cave_pools, serial_shops, shop, kennysheep_two_boxes
Temple:   nicolae_temple_x_marks_the_god

Skill      XL: |  1  2  3  4  5  6  7  8  9 10 11 12 13 |
---------------+----------------------------------------+-----
Conjurations   | 5 6 7 8 9 |  9.1
Fighting       | 1 2 3 4 5 6 7 8 9 |  9.3
Dodging        | 2 3 4 5 6 |  6.8
Stealth        | 3 4 5 6 |  6.4
Shields        | 1 2 3 4 5 6 7 9 10 | 10.5
Spellcasting   | 3 4 5 6 7 |  7.5
Armour         | 2 3 5 6 |  6.7
Axes           | 4 7 8 9 10 | 10.0
Air Magic      | 1 |  1.1
Poison Magic   | 1 |  1.3
Translocations | 1 |  1.1
Hexes          | 1 |  1.2
Slings         | |  0.8
Evocations     | |  0.3

Action                   |  1- 3 |  4- 6 |  7- 9 | 10-12 | 13-15 || total
-------------------------+-------+-------+-------+-------+-------++-------
Melee: Dagger            |    42 |       |       |       |       ||    42
       Mace              |    31 |    88 |     6 |       |       ||   125
       War axe           |       |       |   135 |       |       ||   135
       Broad axe         |       |       |    69 |   438 |   155 ||   662
 Fire: Fustibalus        |     5 |       |     3 |    20 |       ||    28
 Cast: Magic Dart        |    36 |       |       |       |       ||    36
       Searing Ray       |     6 |    15 |    30 |    17 |     4 ||    72
       Dazzling Flash    |       |       |     3 |     1 |     1 ||     5
       Mephitic Cloud    |       |       |       |    21 |     9 ||    30
       Fulminant Prism   |       |       |       |     5 |     6 ||    11
       Iskenderun's Myst |       |       |       |     4 |     4 ||     8
       Blink             |       |       |       |       |     5 ||     5
Evoke: Wand              |       |       |       |     9 |     3 ||    12
  Use: Scroll            |     4 |     6 |    10 |    14 |     1 ||    35
       Potion            |       |       |     5 |     7 |     9 ||    21
 Stab: Sleeping          |     4 |     1 |     4 |     2 |     1 ||    12
       Invisible         |       |       |     1 |     3 |       ||     4
       Confused          |       |       |       |     2 |     6 ||     8
       Distracted        |       |       |       |     1 |       ||     1
Armor: Robe              |    29 |    73 |    46 |       |       ||   148
       Acid dragon scale |       |       |    46 |   253 |   127 ||   426
       Leather armour    |       |       |    30 |       |       ||    30
Dodge: Dodged            |    42 |    95 |   156 |   400 |   141 ||   834
Block: Other             |       |    47 |    44 |       |       ||    91
       Reflection        |       |     1 |     4 |    19 |     8 ||    32
       Buckler           |       |       |    45 |   171 |       ||   216
       Kite shield       |       |       |       |   238 |   210 ||   448

Table legend: (Time is in decaauts)
 A = Elapsed time spent in this place.
 B = Non-inter-level travel time spent in this place.
 C = Inter-level travel time spent in this place.
 D = Time resting spent in this place.
 E = Time spent auto-exploring this place.
 F = Levels seen in this place.
 G = Mean time per level.
                   A        B        C        D        E       F      G
               +--------+--------+--------+--------+--------+-----+--------+
         Total |  18923 |  18106 |    817 |   5124 |   8956 |  17 | 1113.1 |
       Dungeon |  18382 |  17571 |    811 |   5045 |   8889 |  14 | 1313.0 |
        Temple |     29 |     23 |      6 |      0 |      0 |   1 |   29.0 |
         Abyss |    511 |    511 |      0 |     79 |     67 |   2 |  255.5 |
               +--------+--------+--------+--------+--------+-----+--------+

Top non-repeatable levels by time:
    D:13: 2187 daAuts
    D:10: 2048 daAuts
     D:8: 1651 daAuts
     D:6: 1440 daAuts
     D:5: 1434 daAuts
    D:11: 1433 daAuts
     D:4: 1363 daAuts
     D:1: 1339 daAuts
     D:7: 1284 daAuts
     D:2: 1088 daAuts
     D:9: 1042 daAuts
    D:12: 1005 daAuts
     D:3: 939 daAuts
 Abyss:2: 511 daAuts
    D:14: 124 daAuts
